 Dungeon Crawl Stone Soup version 0.31-a0-1570-g93c622d222 (webtiles) character file.

Game seed: 12581366545122405498

362 Illumlnatl the Chopper (level 6, -7/48 HPs)
             Began as a Demonspawn Berserker on Jan 3, 2024.
             Was a Believer of Trog.
             Mangled by an ogre
             ... wielding a +0 giant club
              (11 damage)
             ... on level 4 of the Dungeon.
             The game lasted 00:11:14 (2956 turns).

Illumlnatl the Chopper (Demonspawn Berserker)       Turns: 2956, Time: 00:11:14

Health: -7/48      AC:  8    Str: 18    XL:     6   Next: 39%
Magic:  6/6        EV: 10    Int:  7    God:    Trog [**....]
Gold:   117        SH:  0    Dex: 14    Spells: 5/5 levels left

rFire   . . .        o - +1 scythe
rCold   . . .        (shield currently unavailable)
rNeg    . . .        j - +0 chain mail
rPois   .            (no helmet)
rElec   .            (no cloak)
rCorr   .            (no gloves)
SInv    .            (no boots)
Will    .....        (no amulet) Stlth
                     (no ring)
HPRegen 0.28/turn    (no ring)
MPRegen 0.10/turn

%: no passive effects
@: no status effects
A: claws 1, sturdy frame 1, demonic magic 1
a: Renounce Religion, Berserk, Trog's Hand


You were on level 4 of the Dungeon.
You worshipped Trog.
Trog was pleased with you.
You visited 1 branch of the dungeon, and saw 4 of its levels.

You collected 117 gold pieces.

Inventory:

Hand Weapons
 a - a +0 hand axe
 m - a +0 club
 o - a +1 scythe (weapon)
 t - a +0 dagger of freezing
Missiles
 d - 26 stones
 f - 2 javelins
Armour
 b - a +0 animal skin
 e - a +0 scale mail
 j - a +0 chain mail (worn)
 p - a +0 robe
 u - a +0 ring mail
Wands
 r - a wand of polymorph (3)
 s - a wand of quicksilver (10)
 w - a wand of paralysis (6)
Scrolls
 i - 2 scrolls of identify
 k - a scroll of teleportation
Potions
 c - a potion of berserk rage {unknown}
 g - a potion of attraction {unknown}
 h - 3 potions of curing {unknown}
 l - a potion of enlightenment {unknown}
 n - a potion of heal wounds {unknown}
 q - a potion of might {unknown}
 v - 2 potions of brilliance {unknown}
 x - a potion of mutation {unknown}
 z - a potion of haste {unknown}


   Skills:
 + Level 4.2 Fighting
 + Level 4.4(4.6) Axes
 + Level 1.5(3.2) Polearms
 + Level 2.5 Armour
 + Level 3.1 Dodging
 + Level 0.8 Stealth


You had 5 spell levels left.
You didn't know any spells.
Your spell library contained the following spells:

 Spells                   Type           Power      Damage    Failure   Level
 Shock                    Conj/Air       0%         1d3       94%         1
 Hailstorm                Conj/Ice       0%         3d5       100%        3
 Summon Ice Beast         Ice/Summ       0%         N/A       100%        3
 Swiftness                Air            0%         N/A       100%        3
 Airstrike                Air            0%         2d(0-16)  100%        4
 Sculpt Simulacrum        Ice/Alch       0%         N/A       100%        6


Dungeon Overview and Level Annotations

Branches:
Dungeon (4/15)             Temple (0/1) D:4

Altars:


Innate Abilities, Weirdness & Mutations

You have sharp fingernails.
Your movements are slightly less encumbered by armour. (ER -2)
Spells you cast may paralyse adjacent enemies.


Message History

The adder closely misses you.
You hit the adder.
The adder is almost dead.
You feel sick. The adder bites you.
You are more poisoned.
The adder poisons you! The adder bites you.
You hit the adder.
The adder is almost dead.
You feel sick. The adder bites you. The adder bites you but does no damage.
You miss the adder.
The adder is almost dead.
You feel sick. The adder closely misses you.
You hit the adder but do no damage.
The adder is almost dead.
You feel sick. The adder bites you but does no damage.
The adder barely misses you.
You puncture the adder!
You kill the adder!
Trog accepts your kill.
You feel sick.
You feel sick.
You are no longer poisoned.
An ogre comes into view. It is wielding a +0 giant club.
The ogre shouts!
An ogre is nearby!
You hit the ogre.
The ogre is lightly wounded.
The ogre barely misses you.
You slash the ogre!
The ogre is moderately wounded.
The ogre hits you but does no damage.
You barely miss the ogre.
The ogre is moderately wounded.
The ogre hits you with a +0 giant club!!
Ouch! That really hurt!
* * * LOW HITPOINT WARNING * * *
You hit the ogre.
The ogre is heavily wounded.
The ogre hits you with a +0 giant club!
You die...

#..#.........#.##.#
#..#.#..###....##..
#.......##.........
#.##.##.###...#####
#.......# ##.##
####.#### #.# #...#
#.# #.### #+# #@#
#O# #.# #...#.# ##
#... ... +. #.#)
.### #. #.## ## #.
# #. #


You could see an ogre.

Vanquished Creatures
  Sigmund (D:2)
  A hound (D:4)
  Jessica (D:2)
  An orc wizard (D:3)
  Ijyb (D:3)
  3 adders
  3 dart slugs
  6 orcs (D:3)
  4 ball pythons
  3 bats
  2 endoplasms (D:2)
  2 giant cockroaches (D:1)
  5 goblins
  7 hobgoblins
  4 jackals
  A quokka (D:3)
  6 frilled lizards
  7 kobolds
  6 rats
64 creatures vanquished.

Vanquished Creatures (others)
  A hobgoblin (D:3)
1 creature vanquished.

Grand Total: 65 creatures vanquished

Notes
Turn   | Place    | Note
-------+----------+-------------------------------------------
     0 | D:1      | Illumlnatl the Demonspawn Berserker began the quest for the
                  | Orb.
     0 | D:1      | Reached XP level 1. HP: 18/18 MP: 1/1
   163 | D:1      | Gained mutation: Spells you cast may paralyse adjacent
                  | enemies. [demonic ancestry]
   163 | D:1      | Reached XP level 2. HP: 20/24 MP: 2/2
   710 | D:1      | Reached XP level 3. HP: 29/29 MP: 3/3
   714 | D:1      | Found a faded altar of an unknown god.
   944 | D:2      | Noticed Jessica
   954 | D:2      | Killed Jessica
  1264 | D:2      | Reached ** piety under Trog
  1362 | D:2      | Gained mutation: Your movements are slightly less
                  | encumbered by armour. (ER -2) [demonic ancestry]
  1362 | D:2      | Reached XP level 4. HP: 36/36 MP: 4/4
  1469 | D:2      | Noticed Sigmund
  1494 | D:2      | Killed Sigmund
  1495 | D:2      | Gained mutation: You have sharp fingernails. [demonic
                  | ancestry]
  1495 | D:2      | Reached XP level 5. HP: 21/42 MP: 5/5
  2135 | D:3      | Noticed Ijyb
  2143 | D:3      | Killed Ijyb
  2144 | D:3      | Reached XP level 6. HP: 41/48 MP: 6/6
  2462 | D:3      | Reached skill level 1 in Polearms
  2799 | D:4      | Found a staircase to the Ecumenical Temple.
  2956 | D:4      | Mangled by an ogre

Illustrated notes

Levels and vault maps discovered:
D:1:      psy_arrival_whirlpool, layout_rooms,
          shapermc_ecumenical_altar_hornbeckon, patterned_corridor
D:2:      layout_loops_corners, uniq_sigmund, uniq_jessica
D:3:      layout_loops_corners, overflow_temple_1_default, uniq_ijyb
D:4:      layout_loops_corners, minmay_temple_entry_statues_fountains,
          nrook_campfire

Skill      XL: |  1  2  3  4  5  6 |
---------------+-------------------+-----
Axes           | 3 4 |  4.4
Dodging        | 2 3 |  3.1
Fighting       | 4 |  4.2
Armour         | 2 |  2.5
Polearms       | 1 |  1.5
Stealth        | |  0.8

Action                     |  1- 3 |  4- 6 || total
---------------------------+-------+-------++-------
  Melee: Hand axe          |   124 |    23 ||   147
         Punch             |     1 |     1 ||     2
         Halberd           |       |   109 ||   109
    Use: Scroll            |       |     3 ||     3
 Armour: Animal skin       |    84 |       ||    84
         Chain mail        |    10 |   111 ||   121
  Dodge: Dodged            |    93 |    74 ||   167

Table legend: (Time is in decaauts)
 A = Elapsed time spent in this place.
 B = Non-inter-level travel time spent in this place.
 C = Inter-level travel time spent in this place.
 D = Time resting spent in this place.
 E = Time spent auto-exploring this place.
 F = Levels seen in this place.
 G = Mean time per level.
                   A        B        C        D        E       F      G
               +--------+--------+--------+--------+--------+-----+--------+
         Total |   3020 |   2963 |     57 |    286 |   1660 |   4 |  755.0 |
       Dungeon |   3020 |   2963 |     57 |    286 |   1660 |   4 |  755.0 |
               +--------+--------+--------+--------+--------+-----+--------+

Top non-repeatable levels by time:
     D:2: 1053 daAuts
     D:1: 906 daAuts
     D:3: 895 daAuts
     D:4: 165 daAuts
